Map: Frozen Temple

Players

True - Winner!

  • Race: Zerg Zerg
  • League: Grandmaster

omgabanana

  • Race: Protoss Protoss

Event: Cheesadelphia Summer 2016

VOD

Have the link to the VOD?

Description

Time

  • Played on: July 24, 2016, 11:20 a.m.
  • Length: 13:56

All games in this series

Show
View Real Time Build Order
Export as new Build Order

True Zerg - Winner!

Build Orders: Hatch First, Lurkers 

Get SALT Encoding   

  12  0:00  Drone  
  13  0:12  Overlord  
  13  0:16  Drone  
  14  0:30  Drone x2  
  14  0:34  Drone  
  17  0:51  Hatchery  
  17  0:54  Drone  
  17  1:06  Extractor  
  17  1:09  Spawning Pool  
  15  1:13  Drone  
  15  1:16  Drone  
  17  1:20  Drone  
  18  1:30  Drone  
  19  1:41  Drone  
  20  1:58  Hatchery  
  19  2:01  Drone  
  19  2:04  Queen  
  22  2:09  Metabolic Boost  
  22  2:16  Drone x2  
  22  2:20  Drone  
  25  2:23  Drone  
  25  2:27  Overlord  
  26  2:38  Queen  
  26  2:40  Overlord  
  28  2:48  Zergling x6  
  28  2:49  Drone  
  32  2:53  Drone  
  32  2:57  Drone  
  34  3:00  Queen  
  34  3:04  Drone  
  37  3:09  Drone  
  38  3:15  Drone  
  38  3:16  Drone, Queen  
  42  3:24  Overlord  
  42  3:25  Drone  
  42  3:26  Drone  
  44  3:32  Queen  
  44  3:33  Overlord  
  46  3:35  Drone  
  46  3:38  Overlord  
  47  3:43  Queen  
  47  3:45  Drone  
  47  3:47  Drone  
  51  3:49  Drone  
  51  3:50  Drone  
  51  3:52  Drone  
  54  3:57  Queen  
  54  4:00  Drone  
  54  4:01  Drone x2  
  59  4:05  Drone x2  
  59  4:06  Drone  
  59  4:07  Drone  
  63  4:10  Drone x2  
  63  4:15  Drone  
  66  4:19  Drone x2, Overlord  
  68  4:24  Queen  
  68  4:28  Overlord  
  68  4:29  Queen  
  71  4:34  Queen  
  73  4:42  Zergling x8  
  73  4:43  Zergling x8  
  81  4:46  Overlord  
  81  4:50  Overlord  
  81  4:52  Overlord  
  80  4:54  Overlord  
  80  5:05  Hatchery  
  79  5:07  Zergling x2  
  79  5:08  Zergling x16  
  79  5:09  Zergling x2  
  79  5:12  Queen  
  91  5:18  Queen x2  
  95  5:29  Zergling x18  
  95  5:31  Zergling x4  
  102  5:37  Zergling x8  
  102  5:40  Zergling x2  
  102  5:41  Zergling x2  
  102  5:53  Evolution Chamber  
  102  5:54  Extractor  
  102  5:55  Extractor, Drone x5  
  102  5:56  Drone x3  
  103  5:58  Drone x4  
  103  6:01  Drone  
  107  6:08  Drone  
  107  6:09  Drone  
  107  6:11  Extractor x2  
  108  6:13  Drone  
  108  6:17  Drone x4  
  112  6:22  Drone  
  112  6:23  Drone  
  112  6:24  Drone  
  112  6:25  Drone x3  
  118  6:26  Drone x3  
  118  6:27  Pneumatized Carapace  
  122  6:32  Drone  
  122  6:33  Drone  
  122  6:38  Zerg Melee Weapons Level 1  
  123  6:41  Spore Crawler  
  123  6:44  Drone  
  122  6:51  Zergling x6  
  122  6:52  Zergling x6  
  122  6:53  Overlord  
  128  6:55  Baneling Nest, Overlord  
  128  6:56  Overlord, Zergling x2  
  128  6:58  Overlord  
  128  7:00  Lair  
  128  7:01  Overlord  
  128  7:03  Overlord  
  128  7:05  Hatchery, Overlord  
  127  7:09  Overlord  
  127  7:13  Zergling x8  
  127  7:14  Zergling x4  
  133  7:16  Zergling x2  
  133  7:18  Zergling x2  
  133  7:21  Zergling x2  
  133  7:22  Zergling x6  
  139  7:23  Zergling x6  
  139  7:25  Zergling x2  
  143  7:31  Zergling x2  
  143  7:33  Overlord  
  144  7:37  Zergling x2  
  144  7:42  Extractor  
  144  7:43  Baneling x9  
  143  7:46  Zergling x2  
  143  7:48  Zergling x8  
  143  7:50  Zergling x4  
  150  7:51  Zergling x4  
  150  7:53  Zergling x12  
  150  7:54  Zergling x12  
  150  7:55  Zergling x4  
  165  8:04  Zergling x2  
  165  8:05  Zergling x2  
  166  8:07  Zergling x2  
  166  8:10  Zergling x4  
  166  8:12  Zergling x4  
  170  8:15  Zergling x2  
  170  8:16  Centrifical Hooks, Hydralisk Den, Zergling x2  
  170  8:18  Baneling x13  
  170  8:19  Zergling x8  
  176  8:20  Zergling x2  
  176  8:22  Baneling x3  
  176  8:23  Zergling x10  
  176  8:25  Zergling x2  
  176  8:27  Zergling x2  
  183  8:28  Zergling x2  
  183  8:33  Zergling x4  
  185  8:34  Baneling x7  
  185  8:35  Baneling x7  
  185  8:38  Zergling x2  
  185  8:39  Zergling x4  
  185  8:41  Zergling x4  
  189  8:42  Zergling x2  
  189  8:43  Zergling x2  
  189  8:47  Zergling x2  
  189  8:48  Zergling x4  
  194  8:49  Zergling x2  
  194  8:50  Zergling x8  
  194  8:51  Zergling x4  
  194  8:52  Zergling x2  
  194  8:53  Zergling x2  
  192  8:56  Zergling x2  
  192  8:57  Zergling x4  
  192  8:58  Zergling x2  
  192  9:01  Zergling x2  
  192  9:02  Zergling x2  
  185  9:07  Lurker Den, Zergling x2  
  182  9:11  Zerg Melee Weapons Level 2  
  182  9:12  Zergling x4  
  182  9:13  Zergling x4  
  182  9:14  Zergling x2  
  182  9:16  Zergling x2  
  181  9:17  Baneling x2, Zergling x4  
  181  9:18  Zergling x4  
  181  9:23  Zergling x2  
  161  9:24  Zergling x2  
  161  9:25  Overseer x2  
  161  9:26  Spore Crawler  
  161  9:28  Zergling x4  
  149  9:34  Zergling x2  
  149  9:35  Zergling x2  
  149  9:37  Zergling x4  
  149  9:38  Zergling x8  
  150  9:39  Zergling x2  
  150  9:40  Zergling x2  
  150  9:41  Zergling x2  
  150  9:43  Zergling x2  
  150  9:44  Hydralisk  
  151  9:48  Spore Crawler  
  151  9:49  Hydralisk  
  149  9:53  Hydralisk x2  
  149  9:59  Hydralisk x2  
  157  10:03  Hydralisk x2  
  157  10:06  Hydralisk  
  161  10:13  Drone x2  
  161  10:14  Drone x4, Hydralisk  
  167  10:21  Hydralisk x3  
  174  10:37  Zergling x28  
  174  10:38  Zergling x4  
  174  10:40  Zergling x4  
  189  10:43  Zergling x2  
  189  10:44  Zergling x2  
  189  10:45  Zergling x2  
  187  11:02  Overlord  
  187  11:03  Overlord x2  
  181  11:07  Overlord  
  181  11:08  Overlord  
  181  11:20  Overlord  
  181  11:22  Lurker x12  
  193  11:26  Hatchery  
  193  11:28  Zerg Missile Weapons Level 1, Spire  
  193  11:29  Zergling x8  
  193  11:30  Zergling x2  
  194  11:40  Zergling x10  
  194  11:41  Zergling x2  
  199  11:59  Zergling x2  
  199  12:00  Zergling x2  
  195  12:04  Zergling x8  
  195  12:05  Zergling x6  
  195  12:08  Zergling x2  
  185  12:12  Zergling x4  
  185  12:13  Zergling x2  
  185  12:14  Zergling x4  
  171  12:16  Zergling x6  
  171  12:19  Zergling x8  
  160  12:27  Zergling x4  
  160  12:28  Zergling x2  
  153  12:34  Zergling x2  
  148  12:37  Zergling x4  
  148  12:40  Zergling x2  
  148  12:41  Zergling x2  
  147  12:48  Zergling x4  
  147  12:50  Overseer, Zergling x2  
  146  12:52  Zergling x2  
  145  12:59  Zergling x2  
  145  13:00  Zergling x4  
  145  13:02  Zergling x2  
  138  13:12  Zergling x2  
  130  13:13  Zergling x4  
  130  13:14  Zergling x2  
  125  13:36  Hatchery  
Show
View Real Time Build Order
Export as new Build Order

omgabanana Protoss 

Build Orders: 1 Gate Expand, Oracle Opening 

Get SALT Encoding   

  12  0:01  Probe (Chrono Boost)  
  13  0:11  Probe (Chrono Boost)  
  14  0:21  Pylon  
  14  0:25  Probe (Chrono Boost)  
  15  0:40  Probe (Chrono Boost), Gateway  
  16  0:48  Assimilator  
  16  0:50  Probe (Chrono Boost)  
  17  1:01  Probe (Chrono Boost)  
  19  1:11  Probe (Chrono Boost)  
  19  1:24  Nexus  
  19  1:27  Probe (Chrono Boost)  
  20  1:37  Probe (Chrono Boost)  
  21  1:41  Cybernetics Core  
  21  1:46  Assimilator  
  21  1:48  Probe (Chrono Boost)  
  21  1:53  Pylon  
  22  2:01  Probe (Chrono Boost)  
  23  2:12  Probe (Chrono Boost)  
  23  2:14  Adept  
  24  2:18  Warp Gate  
  27  2:24  Probe (Chrono Boost)  
  27  2:36  Probe x2 (Chrono Boost), Stargate  
  29  2:38  Adept  
  31  2:46  Probe (Chrono Boost)  
  31  2:48  Probe (Chrono Boost)  
  33  2:57  Probe (Chrono Boost)  
  34  3:00  Probe (Chrono Boost)  
  34  3:05  Adept  
  37  3:07  Probe (Chrono Boost)  
  37  3:11  Probe (Chrono Boost)  
  39  3:16  Oracle  
  39  3:18  Probe (Chrono Boost)  
  39  3:19  Gateway  
  40  3:21  Gateway  
  40  3:25  Probe (Chrono Boost)  
  44  3:30  Pylon  
  44  3:31  Probe (Chrono Boost)  
  45  3:38  Probe (Chrono Boost)  
  45  3:40  Pylon  
  49  3:48  Mothership Core (Chrono Boost)  
  49  3:50  Probe (Chrono Boost)  
  49  3:53  Oracle  
  49  4:02  Probe (Chrono Boost)  
  53  4:03  Assimilator  
  53  4:06  Probe (Chrono Boost), Assimilator  
  53  4:08  Pylon  
  54  4:14  Probe (Chrono Boost)  
  55  4:19  Probe (Chrono Boost)  
  56  4:26  Probe (Chrono Boost)  
  56  4:28  Adept  
  56  4:30  Probe (Chrono Boost)  
  60  4:38  Probe (Chrono Boost)  
  60  4:39  Adept x2  
  60  4:40  Probe (Chrono Boost)  
  65  4:48  Nexus  
  65  4:50  Probe (Chrono Boost), Pylon  
  65  4:52  Pylon  
  66  4:53  Adept  
  66  4:55  Probe (Chrono Boost)  
  69  5:02  Probe (Chrono Boost)  
  69  5:04  Twilight Council  
  70  5:08  Probe (Chrono Boost), Adept x2  
  75  5:17  Probe (Chrono Boost)  
  75  5:19  Probe (Chrono Boost), Forge  
  77  5:27  Adept  
  79  5:29  Probe (Chrono Boost), Blink  
  79  5:30  Probe (Chrono Boost)  
  79  5:31  Adept x2  
  84  5:41  Probe (Chrono Boost)  
  81  5:44  Probe (Chrono Boost), Protoss Ground Weapons Level 1  
  80  5:52  Sentry x3  
  80  5:53  Probe (Chrono Boost)  
  81  6:00  Probe x2 (Chrono Boost)  
  77  6:05  Robotics Facility  
  77  6:08  Pylon  
  77  6:10  Probe (Chrono Boost)  
  78  6:17  Pylon  
  78  6:20  Sentry x3, Pylon  
  78  6:23  Gateway  
  78  6:24  Gateway  
  84  6:29  Probe (Chrono Boost)  
  86  6:32  Probe (Chrono Boost)  
  86  6:34  Probe (Chrono Boost)  
  86  6:38  Gateway  
  86  6:39  Gateway  
  87  6:41  Gateway  
  88  6:48  Probe (Chrono Boost)  
  88  6:49  Probe (Chrono Boost)  
  88  6:50  Probe (Chrono Boost)  
  90  6:54  Photon Cannon, Pylon  
  90  6:57  Sentry x3  
  90  6:58  Observer  
  90  7:00  Probe x2 (Chrono Boost)  
  99  7:04  Probe (Chrono Boost)  
  99  7:05  Assimilator  
  99  7:07  Assimilator  
  100  7:09  Pylon  
  100  7:13  Probe (Chrono Boost)  
  101  7:23  Stalker x5  
  101  7:25  Charge  
  101  7:27  Warp Prism  
  113  7:32  Dark Shrine  
  113  7:43  Pylon  
  113  7:45  Gateway x2  
  113  7:49  Protoss Ground Weapons Level 2  
  113  8:05  Observer  
  113  8:10  Zealot x3  
  113  8:11  Zealot x5, Templar Archives  
  129  8:15  Nexus  
  129  8:19  Pylon  
  129  8:43  Photon Cannon  
  129  8:44  Photon Cannon  
  129  8:45  Dark Templar  
  129  8:46  Dark Templar  
  129  8:47  Dark Templar  
  130  9:00  Zealot x5  
  130  9:01  Zealot  
  123  9:16  Psionic Storm  
  123  9:19  Zealot x4  
  123  9:20  Zealot x3  
  113  9:26  Zealot x8  
  113  9:27  Zealot x2  
  127  9:41  Pylon x2  
  119  9:56  Probe (Chrono Boost)  
  119  9:57  Probe x2 (Chrono Boost), Stalker x2  
  119  9:58  High Templar x2, Stalker  
  119  9:59  High Templar x4  
  136  10:03  Protoss Ground Weapons Level 3  
  136  10:06  Archon  
  130  10:11  High Templar  
  132  10:20  Probe (Chrono Boost), Photon Cannon  
  135  10:22  Probe x2 (Chrono Boost)  
  135  10:23  Probe (Chrono Boost), Pylon  
  136  10:32  Zealot x7  
  136  10:33  Zealot  
  136  10:34  Warp Prism  
  135  10:37  Stalker x2  
  135  10:38  Stalker x3  
  143  10:50  Dark Templar x2  
  143  10:54  Probe x2 (Chrono Boost)  
  145  11:03  Assimilator  
  143  11:06  Assimilator  
  143  11:10  Zealot  
  143  11:11  Zealot x7  
  159  11:25  Probe x3 (Chrono Boost)  
  162  11:39  Dark Templar  
  160  11:48  Zealot x9  
  179  11:54  Probe x2 (Chrono Boost)  
  179  11:55  Probe (Chrono Boost)  
  179  11:56  Probe (Chrono Boost)  
  178  12:08  Probe (Chrono Boost)  
  168  12:12  Observer  
  168  12:14  Dark Templar x4  
  159  12:17  Archon  
  159  12:22  Robotics Bay  
  129  12:24  Robotics Facility  
  87  12:36  Mothership Core (Chrono Boost)  
  72  12:37  Dark Templar x2  
  72  12:40  Stalker x2  
  65  12:57  Probe (Chrono Boost)  
  65  12:58  Dark Templar x2  
  68  13:11  High Templar x2  
  68  13:12  High Templar x2  
  68  13:15  Probe (Chrono Boost)  
  68  13:16  Probe (Chrono Boost), Archon  
  68  13:17  Probe (Chrono Boost), Archon  
  67  13:27  High Templar x2  
  71  13:35  Archon  
  67  13:43  Dark Templar x2  
  67  13:47  Dark Templar  
Tags
 
Add a new tag
Caveats
  • Supply blocks, unpowered buildings, or Contaminate may cause inaccurate times.
  • Supply counts are checked every 10 seconds.